 Dungeon Crawl Stone Soup version 0.21.1-1-g345015fe64 (webtiles) character file.

1621 Oravi the Transmogrifier (level 8, -5/55 (56) HPs)
             Began as a Merfolk Transmuter on Apr 16, 2018.
             Was an Initiate of Qazlal.
             Slain by an ogre
             ... wielding a +0 giant club
              (27 damage)
             ... on level 7 of the Dungeon.
             The game lasted 00:19:57 (6577 turns).

Oravi the Transmogrifier (Merfolk Transmuter)       Turns: 6577, Time: 00:19:58

HP:   -5/55 (56)    AC:  2    Str: 12    XL:     8   Next: 96%
MP:   8/11          EV: 24    Int: 14    God:    Qazlal [......]
Gold: 342           SH:  0    Dex: 22    Spells: 6/11 levels left

rFire    + . .     SeeInvis +     - Unarmed
rCold    . . .     Gourm    .   (shield currently unavailable)
rNeg     . . .     Faith    .   (armour currently unavailable)
rPois    x         Spirit   .   (helmet currently unavailable)
rElec    .         Reflect  .   (cloak currently unavailable)
rCorr    .         Harm     .   (gloves currently unavailable)
MR       .....                  (boots currently unavailable)
Stlth    +++.......             j - amulet of magic regeneration
HPRegen  0.18/turn              t - ring of Ygonucreh {*Corrode rF+ Dex+2 SInv Stlth+}
MPRegen  0.37/turn              p - +2 ring of strength

@: spider-form, very slightly contaminated
A: tiny, (change form in water), (swift swim), (stealthy swim)
a: End Transformation, Renounce Religion


You were on level 7 of the Dungeon.
You worshipped Qazlal.
Qazlal was noncommittal.
You were near starving.
You were a venomous arachnid creature.
You visited 2 branches of the dungeon, and saw 8 of its levels.

You collected 342 gold pieces.

Inventory:

Missiles
 a - 170 arrows
Armour
 b - a +1 robe (melded)
Jewellery
 g - an uncursed ring of stealth
 j - an amulet of magic regeneration (around neck)
 p - a +2 ring of strength (right front leg)
 t - the ring of Ygonucreh (left front leg) {*Corrode rF+ Dex+2 SInv Stlth+}
   (You found it on level 4 of the Dungeon)

   [ring of stealth]

   It affects your dexterity (+2).
   It protects you from fire.
   It lets you see invisible.
   It may corrode you when you take damage.
   It makes you more stealthy.
 u - an uncursed ring of fire
Wands
 r - a wand of flame (43)
 x - a wand of paralysis (10)
Scrolls
 f - a scroll of fear
 i - 3 scrolls of amnesia
 m - a scroll of enchant armour
 o - 2 scrolls of remove curse
 s - a scroll of blinking
 v - 2 scrolls of teleportation
 w - 2 scrolls of identify
Potions
 e - a potion of magic
 h - 2 potions of heal wounds
 k - 3 potions of lignification
 l - a potion of resistance
 n - a potion of flight
 q - a potion of might
Books
 c - a book of Changes

   Spells                             Type                      Level
   a - Beastly Appendage              Transmutation                1
   b - Sticks to Snakes               Transmutation                2
   c - Spider Form                    Transmutation/Poison         3
   d - Ice Form                       Ice/Transmutation            4
   e - Blade Hands                    Transmutation                5
Comestibles
 d - 12 rations


   Skills:
 + Level 2.2 Fighting
 * Level 4.9 Dodging
 + Level 7.7 Unarmed Combat
 - Level 2.0 Spellcasting
 * Level 8.1 Transmutations
 * Level 5.9 Poison Magic


You had 6 spell levels left.
You knew the following spells:

 Your Spells              Type           Power        Failure   Level  Hunger
b - Sticks to Snakes      Tmut           ###.....     6%          2    ###....
c - Spider Form           Tmut/Pois      ###.......   13%         3    ####...


Dungeon Overview and Level Annotations

Branches:
Dungeon (7/15)             Temple (1/1) D:6

Altars:
Ashenzari
Cheibriados
Dithmenos
Elyvilon
Fedhas
Gozag
Hepliaklqana
Kikubaaqudgha
Makhleb
Nemelex Xobeh
Okawaru
Qazlal
Ru
Sif Muna
Uskayaw
Vehumet
Wu Jian
Xom
Yredelemnul
Zin
The Shining One

Shops:
D:5 [


Message History

The ogre hits you with a giant club!! The necrophage misses you.
You bite the necrophage!
The necrophage is moderately damaged.
The sentinel's mark upon you fades away.
The necrophage hits you.
You bite the necrophage!
The necrophage is heavily damaged.
The ogre completely misses you.
You hit the necrophage.
The necrophage is severely damaged.
The necrophage completely misses you. The ogre closely misses you.
You hit the necrophage.
The necrophage is almost destroyed.
The necrophage hits you!
You feel your flesh rotting away!
You are too injured to fight recklessly!
You are too injured to fight recklessly!
You bite the ogre!
The ogre is poisoned.
The ogre is heavily wounded.
The ogre hits you with a giant club!!
You die...

###### #.#
......## #.#
#....# #.#
#..## ##.#
#.^#######..#
#...........#
#..........##
##.nO########
########..s##
#..........##
#...........#
#.########..#
##.## ##.#
###


You could see an ogre and a necrophage.

Vanquished Creatures
  Edmund (D:4)
  An ice beast (D:6)
  A necrophage (D:7)
  2 ogres
  A phantom (D:6)
  3 centaurs
  A bullfrog (D:6)
  A scorpion (D:2)
  2 vampire bats (D:6)
  3 wights (D:6)
  A centaur zombie (D:5)
  A centaur skeleton (D:5)
  5 worker ants
  2 orc wizards (D:5)
  5 adders
  3 gnolls (D:6)
  An ooze (D:2)
  A worm (D:2)
  4 dart slugs
  5 leopard geckos
  9 orcs
  10 bats
  3 bat skeletons (D:6)
  A bat zombie (D:6)
  7 giant cockroaches
  6 goblins
  8 hobgoblins
  10 jackals
  4 quokkas
  2 ball pythons
  6 frilled lizards
  5 kobolds
  16 rats
131 creatures vanquished.

Vanquished Creatures (collateral kills)
  A phantom (D:5)
1 creature vanquished.

Grand Total: 132 creatures vanquished

Notes
Turn   | Place    | Note
-------+----------+-------------------------------------------
     0 | D:1      | Oravi the Merfolk Transmuter began the quest for the Orb.
     0 | D:1      | Reached XP level 1. HP: 15/15 MP: 3/3
   146 | D:1      | Reached skill level 3 in Transmutations
   146 | D:1      | Reached XP level 2. HP: 21/21 MP: 3/5
   604 | D:1      | Reached XP level 3. HP: 26/26 MP: 4/6
   616 | D:1      | Learned a level 2 spell: Sticks to Snakes
   620 | D:1      | Learned a level 3 spell: Spider Form
   956 | D:2      | Noticed a scorpion
   964 | D:2      | Killed a scorpion
   964 | D:2      | Reached skill level 4 in Transmutations
   964 | D:2      | Reached XP level 4. HP: 32/32 MP: 3/7
   969 | D:2      | Reached skill level 1 in Poison Magic
  1770 | D:3      | Found an opulent altar of Gozag.
  1787 | D:3      | Reached XP level 5. HP: 33/37 MP: 8/8
  2631 | D:3      | Found an iron altar of Okawaru.
  2638 | D:3      | Reached skill level 5 in Transmutations
  2846 | D:4      | Noticed an ogre
  2859 | D:4      | Killed an ogre
  2859 | D:4      | Reached XP level 6. HP: 43/43 MP: 9/9
  3092 | D:4      | Noticed Edmund
  3107 | D:4      | Killed Edmund
  3107 | D:4      | Reached skill level 5 in Unarmed Combat
  3473 | D:4      | Got a crude lead ring
  3686 | D:4      | Identified the ring of Ygonucreh {*Corrode rF+ Dex+2 SInv Stlth+} (You found it on level 4 of the Dungeon)
  3737 | D:5      | Entered Level 5 of the Dungeon
  3983 | D:5      | Reached skill level 6 in Transmutations
  3983 | D:5      | Reached XP level 7. HP: 38/49 MP: 10/10
  4334 | D:5      | Found Fasijafe's Armour Boutique.
  4956 | D:5      | Reached XP level 8. HP: 39/56 MP: 11/11
  4959 | D:5      | Reached skill level 7 in Transmutations
  5270 | D:6      | Reached skill level 5 in Poison Magic
  5979 | D:6      | Found a staircase to the Ecumenical Temple.
  5996 | Temple   | Entered the Ecumenical Temple
  6066 | Temple   | Became a worshipper of Qazlal Stormbringer
  6297 | D:6      | Found an ancient bone altar of Kikubaaqudgha.
  6303 | D:6      | Reached skill level 8 in Transmutations
  6577 | D:7      | Slain by an ogre

Skill      XL: |  1  2  3  4  5  6  7  8 |
---------------+-------------------------+-----
Transmutations | 3 4 5 6 8 |  8.1
Unarmed Combat | 4 5 6 7 |  7.7
Dodging        | 3 4 |  4.9
Poison Magic   | 1 2 3 4 5 |  5.9
Fighting       | 2 |  2.2
Spellcasting   | |  2.0

Action                   |  1- 3 |  4- 6 |  7- 9 || total
-------------------------+-------+-------+-------++-------
Melee: Unarmed           |    63 |   151 |   164 ||   378
       Headbutt          |     9 |     2 |       ||    11
       Punch             |       |     1 |       ||     1
 Cast: Beastly Appendage |    14 |     1 |       ||    15
       Spider Form       |     6 |    31 |    23 ||    60
       Sticks to Snakes  |       |       |     4 ||     4
 Abil: End Transformatio |       |       |     1 ||     1
  Use: Scroll            |     6 |    10 |     1 ||    17
 Stab: Sleeping          |    11 |    14 |     1 ||    26
  Eat: Chunk             |     1 |    14 |     7 ||    22
       Ration            |       |       |     1 ||     1
Armor: Robe              |     7 |     8 |       ||    15
       Skin              |     2 |     7 |     7 ||    16
Dodge: Dodged            |    42 |   111 |   161 ||   314
